 Dungeon Crawl Stone Soup version 0.32-a0-470-g255bbe2f98 (webtiles) character file.

Game seed: 16653470992749828836

7 Kenran the Ducker (level 1, -2/14 HPs)
             Began as a Minotaur Hedge Wizard on Feb 25, 2024.
             Slain by a kobold
             ... wielding a +0 whip
              (5 damage)
             ... on level 1 of the Dungeon.
             The game lasted 00:00:55 (70 turns).

Kenran the Ducker (Minotaur Hedge Wizard)             Turns: 70, Time: 00:00:55

Health: -2/14      AC:  2    Str: 14    XL:     1   Next: 83%
Magic:  2/2        EV: 12    Int: 11    God:
Gold:   15         SH:  0    Dex:  9    Spells: 3/4 levels left

rFire   . . .        a - +0 broad axe
rCold   . . .        (no shield)
rNeg    . . .        b - +0 robe
rPois   .            c - +0 hat
rElec   .            (no cloak)
rCorr   .            (no gloves)
SInv    .            (no boots)
Will    .....        (no amulet)
Stlth   +            (no ring)
HPRegen 0.22/turn    (no ring)
MPRegen 0.08/turn

%: no passive effects
@: no status effects
A: horns 2, retaliatory headbutt
a: no special abilities


You were on level 1 of the Dungeon.
You visited 1 branch of the dungeon, and saw 1 of its levels.

You collected 15 gold pieces.

Inventory:

Hand Weapons
 a - a +0 broad axe (weapon)
Armour
 b - a +0 robe (worn)
 c - a +0 hat (worn)
Potions
 d - a potion of magic


   Skills:
 + Level 1.9 Axes
 - Level 2.1 Dodging
 - Level 1.5 Stealth
 - Level 2.1 Spellcasting
 - Level 0.6 Conjurations
 - Level 0.6 Summonings
 - Level 0.6 Translocations


You had 3 spell levels left.
You knew the following spells:

 Your Spells              Type           Power      Damage    Failure   Level
a - Magic Dart            Conj           8%         1d3       22%         1

Your spell library contained the following spells:

 Spells                   Type           Power      Damage    Failure   Level
 Slow                     Hex            4%         N/A       28%         1
 Blink                    Tloc           4%         N/A       34%         2
 Call Imp                 Summ           4%         N/A       34%         2
 Cigotuvi's Dreadful Rot  Necr/Alch/Air  2%         N/A       41%         2
 Mephitic Cloud           Conj/Alch/Air  1%         N/A       63%         3


Dungeon Overview and Level Annotations

Branches:
Dungeon (1/15)

Altars:


Innate Abilities, Weirdness & Mutations

You have a pair of horns on your head.
You reflexively headbutt those who attack you in melee.


Message History

You slash the jackal!
You kill the jackal!
No target in view!
No target in view!
No target in view!
Things that are here:
a +0 dagger; a jackal corpse; a jackal corpse You now have 15 gold pieces.
You open the door.
There is an open door here.
You open the door.
A kobold comes into view. It is wielding a +0 whip.
There is an open door here.
Found 2 poisoned darts.
The kobold shouts!
Found a scroll labelled NUMEGGI HONT.
The kobold barely misses you.
You closely miss the kobold. Your headbutt misses the kobold.
The kobold closely misses you.
You miss the kobold. The kobold hits you with a +0 whip.
The kobold closely misses you.
You closely miss the kobold. The kobold hits you with a +0 whip.
You are too injured to fight recklessly!
You are too injured to fight recklessly!
You barely miss the kobold. The kobold closely misses you.
The kobold hits you with a +0 whip.
You barely miss the kobold. Your headbutt misses the kobold.
The kobold hits you but does no damage.
You closely miss the kobold. Your headbutt misses the kobold.
The kobold closely misses you. The kobold hits you but does no damage.
You closely miss the kobold. The kobold hits you with a +0 whip.
You miss the kobold. Your headbutt misses the kobold.
The kobold barely misses you. The kobold hits you but does no damage.
You closely miss the kobold. The kobold misses you. You furiously retaliate!
You headbutt the kobold, but do no damage.
You completely miss the kobold. The kobold hits you with a +0 whip.
* * * LOW HITPOINT WARNING * * *
The kobold barely misses you.
You closely miss the kobold. Your headbutt misses the kobold.
The kobold hits you with a +0 whip.
You die...

+.ß.<.ß.'.#.......#
#.......#.........#
#.ß.ß.ß.###########
#.......# ####'####
#......# #......#
#####......####
.......@.......
.(###.K........
#.#.......#
#.#........
..#.......#
####...#....
#........ .?..##...


You could see a kobold.

Vanquished Creatures
  4 jackals (D:1)
  A kobold (D:1)
  A rat (D:1)
6 creatures vanquished.

Notes
Turn   | Place    | Note
-------+----------+-------------------------------------------
     0 | D:1      | Kenran the Minotaur Hedge Wizard began the quest for the
                  | Orb.
     0 | D:1      | Reached XP level 1. HP: 14/14 MP: 2/2
    32 | D:1      | Reached skill level 1 in Axes
    70 | D:1      | Slain by a kobold

Illustrated notes

Levels and vault maps discovered:
D:1:      doesnt_arrival_eight_statues, layout_basic

Skill      XL: |  1 |
---------------+----+-----
Axes           | 1 |  1.9
Dodging        | |  2.1
Stealth        | |  1.5
Spellcasting   | |  2.1
Conjurations   | |  0.6
Summonings     | |  0.6
Translocations | |  0.6

Action                     || total
---------------------------++-------
  Melee: Broad axe         ||    20
         Headbutt          ||     2
 Armour: Robe              ||    11
  Dodge: Dodged            ||    16

Table legend: (Time is in decaauts)
 A = Elapsed time spent in this place.
 B = Non-inter-level travel time spent in this place.
 C = Inter-level travel time spent in this place.
 D = Time resting spent in this place.
 E = Time spent auto-exploring this place.
 F = Levels seen in this place.
 G = Mean time per level.
                   A        B        C        D        E       F      G
               +--------+--------+--------+--------+--------+-----+--------+
         Total |     79 |     79 |      0 |      0 |     27 |   1 |   79.0 |
       Dungeon |     79 |     79 |      0 |      0 |     27 |   1 |   79.0 |
               +--------+--------+--------+--------+--------+-----+--------+

Top non-repeatable levels by time:
     D:1: 79 daAuts
